 Dungeon Sprint DCSS version 0.21.2 (webtiles) character file.

2496 Fang the Cleaver (level 9, -11/100 HPs)
             Began as a Gargoyle Berserker on Sept 24, 2018.
             Was the Champion of Trog.
             Mangled by a phantasmal warrior (22 damage)
             ... in the Dungeon (Sprint VII: "The Pits").
             The game lasted 00:03:18 (1581 turns).

Fang the Cleaver (Gargoyle Berserker)               Turns: 1581, Time: 00:03:19

Health: -11/100    AC: 23    Str: 32    XL:     9   Next: 52%
Magic:  9/9        EV: 12    Int:  8    God:    Trog [******]
Gold:   0          SH:  0    Dex:  9    Spells: 8/8 levels left

rFire    . . .     SeeInvis .   m - +4 executioner's axe (elec)
rCold    . . .     Gourm    .   (shield currently unavailable)
rNeg     + . .     Faith    .   v - +4 chain mail
rPois    ∞         Spirit   .   (no helmet)
rElec    +         Reflect  .   (no cloak)
rCorr    .         Harm     .   (no gloves)
MR       .....     NoTele   +   (no boots)
Stlth    ..........             (no amulet)
HPRegen  0.26/turn              p - +3 ring of protection
MPRegen  0.11/turn              s - +3 ring of strength

@: berserking, vulnerable, very quick
A: negative energy resistance 1, electricity resistance, unbreathing,
petrification resistance, rot immunity, AC +6
a: Berserk, Trog's Hand, Brothers in Arms, Burn Spellbooks, Renounce Religion


You were in the Dungeon.
You worshipped Trog.
Trog was exalted by your worship.
You were hungry.

You visited 1 branch

Inventory:

Hand Weapons
 j - a +2 hand axe
 m - a +4 executioner's axe of electrocution (weapon)
 o - a +5 broad axe of chopping
 u - a +2 war axe of freezing
Armour
 v - a +4 chain mail (worn)
Jewellery
 p - a +3 ring of protection (left hand)
 s - a +3 ring of strength (right hand)
Scrolls
 i - a scroll of blinking
 k - 3 scrolls of remove curse
 l - a scroll of summoning
Potions
 a - 2 potions of invisibility
 d - 8 potions of curing
 e - 14 potions of heal wounds
 f - a potion of haste
 g - 4 potions of magic
 h - 3 potions of berserk rage
 q - a potion of resistance
 r - a potion of might
 t - a potion of brilliance
Comestibles
 c - 9 rations
 n - 3 chunks of flesh


   Skills:
 + Level 12.9 Fighting
 + Level 13.6 Axes
 + Level 5.1 Armour
 + Level 7.3 Dodging
 + Level 1.8 Stealth


You had 8 spell levels left.
You didn't know any spells.

Dungeon Overview and Level Annotations

Branches:
Dungeon (1/1)

Altars:
Cheibriados
Dithmenos
Elyvilon
Fedhas
Gozag
Hepliaklqana
Makhleb
Nemelex Xobeh
Okawaru
Qazlal
Ru
Sif Muna
Trog
Wu Jian
Xom
Yredelemnul
Zin
The Shining One
Jiyva


Innate Abilities, Weirdness & Mutations

You are resistant to torment.
Your stone body is resilient. (AC +6)
You are immune to poison.
You resist negative energy. (rN+)
You are resistant to electric shocks. (rElec)
You can survive without breathing.
You are immune to petrification.
You are immune to rotting.


Message History

Unknown command.
You barely miss the phantasmal warrior.
The phantasmal warrior is moderately damaged.
You hit Maurice. Lightning courses through Maurice! Maurice closely misses you.
The cyclops throws a large rock.
The large rock hits you but does no damage.
Unknown command.
You closely miss the phantasmal warrior.
The phantasmal warrior is moderately damaged.
You slice Maurice!! Lightning courses through Maurice!
You kill Maurice!
Trog accepts your kill.
Trog appreciates your killing of a magic user.
The phantasmal warrior hits you but does no damage.
The cyclops throws a large rock.
The large rock hits you!
* * * LOW HITPOINT WARNING * * *
Your chain mail prevents you from hitting the phantasmal warrior.
The phantasmal warrior is moderately damaged.
The phantasmal warrior hits you!!
You die...

..##.......##......#
####...<...###....##
..##.......# ##''##
..##.......###))..##
####.......##...)..#
.. ##########......+
.############......#
.#....#..[[###....##
)#)...#..[[# ##'@##
)))...'..))# #.)W.#
'#)...#..))##......#
(#....#..).##.....C#
####################


You could see a cyclops and a phantasmal warrior.

Vanquished Creatures
  A deep elf mage (D)
  An orc knight (D)
  Maurice (D)
  Joseph (D)
  A redback (D)
  A spriggan (D)
  Menkaure (D)
  A black bear (D)
  An ice beast (D)
  An ogre (D)
  A bullfrog (D)
  3 wights (D)
  A mummy (D)
  An adder (D)
  A river rat (D)
  An ufetubus (D)
  An ooze (D)
  A worm (D)
  4 orcs (D)
  A bat (D)
  A goblin (D)
  2 hobgoblins (D)
  3 jackals (D)
  A ball python (D)
  2 kobolds (D)
  A leopard gecko zombie (D)
  A rat (D)
36 creatures vanquished.

Notes
Turn   | Place    | Note
-------+----------+-------------------------------------------
     0 | D        | Fang the Gargoyle Berserker began the quest for the Orb.
     0 | D        | Reached XP level 1. HP: 14/14 MP: 1/1
    20 | D        | Found a bloodstained altar of Trog.
    20 | D        | Found a deep blue altar of Sif Muna.
    20 | D        | Found a viscous altar of Jiyva.
    20 | D        | Found a hazy altar of Hepliaklqana.
    20 | D        | Found an opulent altar of Gozag.
    21 | D        | Found a glowing golden altar of the Shining One.
    21 | D        | Found a glowing silver altar of Zin.
    21 | D        | Found a basalt altar of Yredelemnul.
    21 | D        | Found a shimmering altar of Xom.
    21 | D        | Found an ornate altar of the Wu Jian Council.
    21 | D        | Found a sacrificial altar of Ru.
    21 | D        | Found a stormy altar of Qazlal.
    21 | D        | Found an iron altar of Okawaru.
    21 | D        | Found a sparkling altar of Nemelex Xobeh.
    21 | D        | Found a burning altar of Makhleb.
    21 | D        | Found a blossoming altar of Fedhas.
    21 | D        | Found a white marble altar of Elyvilon.
    21 | D        | Found a shadowy altar of Dithmenos.
    21 | D        | Found a snail-covered altar of Cheibriados.
    59 | D        | Reached skill level 3 in Axes
    64 | D        | Reached ** piety under Trog
    64 | D        | Reached XP level 2. HP: 16/20 MP: 2/2
    70 | D        | Reached skill level 4 in Axes
   207 | D        | Noticed a black bear
   213 | D        | Reached *** piety under Trog
   219 | D        | Killed a black bear
   219 | D        | Reached skill level 6 in Axes
   219 | D        | Reached XP level 3. HP: 9/28 MP: 3/3
   219 | D        | Reached XP level 4. HP: 11/32 MP: 4/4
   580 | D        | Reached **** piety under Trog
   580 | D        | Reached XP level 5. HP: 21/37 MP: 5/5
   744 | D        | Noticed an ogre
   744 | D        | Noticed an ice beast
   758 | D        | Reached skill level 7 in Axes
   762 | D        | Killed an ogre
   762 | D        | Reached skill level 8 in Axes
   762 | D        | Reached XP level 6. HP: 45/45 MP: 6/6
   766 | D        | Killed an ice beast
   766 | D        | Reached ***** piety under Trog
   766 | D        | Reached skill level 9 in Axes
  1110 | D        | Noticed Joseph
  1119 | D        | Killed Joseph
  1119 | D        | Reached skill level 10 in Fighting
  1119 | D        | Reached skill level 10 in Axes
  1119 | D        | Reached skill level 5 in Dodging
  1119 | D        | Reached XP level 7. HP: 31/53 MP: 7/7
  1322 | D        | Noticed Menkaure
  1325 | D        | Received a gift from Trog
  1332 | D        | Killed Menkaure
  1346 | D        | Noticed an orc knight
  1346 | D        | Noticed a redback
  1350 | D        | Killed a redback
  1350 | D        | Reached skill level 11 in Axes
  1350 | D        | Reached XP level 8. HP: 60/60 MP: 8/8
  1356 | D        | Killed an orc knight
  1356 | D        | Reached skill level 12 in Axes
  1356 | D        | Reached skill level 1 in Stealth
  1358 | D        | Received a gift from Trog
  1412 | D        | Found the +8 whip "Snakebite" {curare, rPois}
  1527 | D        | Noticed a spriggan
  1527 | D        | Noticed a deep elf mage
  1530 | D        | Killed a spriggan
  1530 | D        | Reached skill level 5 in Armour
  1530 | D        | Reached XP level 9. HP: 65/65 MP: 9/9
  1533 | D        | Killed a deep elf mage
  1533 | D        | Reached ****** piety under Trog
  1533 | D        | Received a gift from Trog
  1533 | D        | Reached skill level 13 in Axes
  1575 | D        | Noticed a phantasmal warrior
  1575 | D        | Noticed Maurice
  1575 | D        | Noticed a cyclops
  1580 | D        | Killed Maurice
  1581 | D        | Mangled by a phantasmal warrior

Skill      XL: |  1  2  3  4  5  6  7  8  9 |
---------------+----------------------------+-----
Axes           | 3 6 8 10 11 12 13 | 13.6
Fighting       | 4 6 8 10 11 12 | 12.9
Dodging        | 3 4 5 6 7 |  7.3
Armour         | 3 4 5 |  5.1
Stealth        | 1 |  1.8

Action                   |  1- 3 |  4- 6 |  7- 9 || total
-------------------------+-------+-------+-------++-------
Melee: Hand axe          |    24 |    52 |     9 ||    85
       Broad axe         |       |       |    15 ||    15
       Executioner's axe |       |       |     7 ||     7
Invok: Berserk           |     1 |     2 |     3 ||     6
  Eat: Chunk             |       |     2 |     5 ||     7
Armor: Animal skin       |    18 |     8 |     3 ||    29
       Chain mail        |       |       |     7 ||     7
Dodge: Dodged            |    21 |    23 |     9 ||    53
